 Dungeon Crawl Stone Soup version 0.26-a0-812-g31a745ddcd (webtiles) character file.

Game seed: 9094995322158145590

17 Lanoc the Caller (level 2, 0/24 HPs)
             Began as an Ogre Summoner on Nov 23, 2020.
             Succumbed to an adder's poison
             ... on level 3 of the Dungeon.
             The game lasted 00:01:45 (1284 turns).

Lanoc the Caller (Ogre Summoner)                    Turns: 1284, Time: 00:01:46

Health: 0/24       AC:  3    Str: 11    XL:     2   Next: 62%
Magic:  1/5        EV: 10    Int: 16    God:
Gold:   12         SH:  0    Dex:  9    Spells: 2/5 levels left

rFire    . . .     SeeInvis .   (no weapon)
rCold    . . .     Faith    .   (no shield)
rNeg     . . .     Spirit   .   a - +0 robe
rPois    .         Reflect  .   (helmet restricted)
rElec    .         Harm     .   (no cloak)
rCorr    .         Rampage  .   (gloves unavailable)
MR       .....                  (boots unavailable)
Stlth    +.........             (no amulet)
HPRegen  0.08/turn              (no ring)
MPRegen  0.09/turn              (no ring)

@: lethally poisoned (0 -> -8)
A: large, unfitting armour, tough skin 1
a: no special abilities


You were on level 3 of the Dungeon.
You visited 1 branch of the dungeon, and saw 3 of its levels.

You collected 12 gold pieces.

Inventory:

Armour
 a - a +0 robe (worn)
Scrolls
 c - a scroll of blinking {unknown}
 d - 2 scrolls of noise {unknown}
 f - a scroll of teleportation {unknown}
 g - a scroll of amnesia


   Skills:
 + Level 2.1 Dodging
 - Level 1.4 Stealth
 - Level 2.4 Spellcasting
 * Level 4.0 Summonings


You had 2 spell levels left.
You knew the following spells:

 Your Spells              Type           Power        Failure   Level
a - Summon Small Mammal   Summ           ###.         3%          1
b - Call Imp              Summ           ###.....     5%          2

Your spell library contained the following spells:

 Spells                   Type           Power        Failure   Level
 Call Canine Familiar     Summ           ###.....     11%         3
 Summon Guardian Golem    Hex/Summ       #.......     26%         3
 Summon Ice Beast         Ice/Summ       #.......     65%         4
 Summon Lightning Spire   Summ/Air       #.......     65%         4


Dungeon Overview and Level Annotations

Branches:
Dungeon (3/15)

Altars:
Cheibriados
Hepliaklqana
Uskayaw


Innate Abilities, Weirdness & Mutations

You are too large for most types of armour.
You have tough skin. (AC +1)


Message History

Your crimson imp barely misses the adder.
Something barely misses your crimson imp.
Found a scroll labelled ZATYTH CIUQ.
The adder bites you.
* * * LOW HITPOINT WARNING * * *
You are lethally poisoned!
The adder poisons you!
* * * LOW HITPOINT WARNING * * *
You feel sick.
* * * LOW HITPOINT WARNING * * *
You feel sick. The adder misses you.
As you read the scroll labelled ZATYTH CIUQ, it crumbles to dust.
It is a scroll of identify.
g - a scroll of amnesia The adder bites you.
* * * LOW HITPOINT WARNING * * *
You are more poisoned.
The adder poisons you!
You die...

#.#oo......#
#....####### # ###o.#
#? #.5# #.# #..#
#.####go######## #
##.S.5..>..†...#
#..#g############.#
#.#..5SS.@......#.#
#.#..##########.#.#
#.#..# #.#.# #.#..#
####5#.# #.#..#
####......# ##.#..##
#....#...##
#......###.###.....##
#..#÷#<.##.##...[...#
#....<†#........[...#


You could see 2 adders, a goblin and a friendly crimson imp (summoned).

Vanquished Creatures
  A hobgoblin (D:2)
  2 bats (D:2)
  2 frilled lizards
  A kobold (D:2)
  A rat (D:2)
7 creatures vanquished.

Vanquished Creatures (collateral kills)
  A leopard gecko (D:3)
  An orc (D:3)
  A giant cockroach (D:3)
  A goblin (D:2)
  3 hobgoblins
  2 jackals (D:3)
  A quokka (D:2)
  4 rats
14 creatures vanquished.

Grand Total: 21 creatures vanquished

Notes
Turn   | Place    | Note
-------+----------+-------------------------------------------
     0 | D:1      | Lanoc the Ogre Summoner began the quest for the Orb.
     0 | D:1      | Reached XP level 1. HP: 16/16 MP: 3/3
   593 | D:2      | Found a hazy altar of Hepliaklqana.
   622 | D:2      | Found a snail-covered altar of Cheibriados.
   626 | D:2      | Found a hide-covered altar of Uskayaw.
   640 | D:2      | Reached XP level 2. HP: 12/24 MP: 3/5
   838 | D:2      | Learned a level 2 spell: Call Imp
   925 | D:3      | Reached skill level 4 in Summonings
  1283 | D:3      | HP: 1/24 [adder (3)]
  1284 | D:3      | Succumbed to an adder's poison

Illustrated notes

Levels and vault maps discovered:
D:1:      dpeg_arrival_tiny_i, layout_loops_ring, minmay_pentomino_z4
D:2:      layout_basic, tgw_fedhas, nicolae_overflow_hidden_temple,
          grunt_temple_overflow_open
D:3:      layout_loops_ring

Skill      XL: |  1  2 |
---------------+-------+-----
Dodging        | 2 |  2.1
Summonings     | 4 |  4.0
Stealth        | |  1.4
Spellcasting   | |  2.4

Action                   || total
-------------------------++-------
Melee: Unarmed           ||    83
 Cast: Summon Small Mamm ||    12
       Call Imp          ||    10
  Use: Scroll            ||     1
       Potion            ||     1
Armor: Robe              ||    34
Dodge: Dodged            ||    64

Table legend: (Time is in decaauts)
 A = Elapsed time spent in this place.
 B = Non-inter-level travel time spent in this place.
 C = Inter-level travel time spent in this place.
 D = Time resting spent in this place.
 E = Time spent auto-exploring this place.
 F = Levels seen in this place.
 G = Mean time per level.
                   A        B        C        D        E       F      G
               +--------+--------+--------+--------+--------+-----+--------+
         Total |   1283 |   1274 |      9 |      0 |   1050 |   3 |  427.7 |
       Dungeon |   1283 |   1274 |      9 |      0 |   1050 |   3 |  427.7 |
               +--------+--------+--------+--------+--------+-----+--------+

Top non-repeatable levels by time:
     D:2: 905 daAuts
     D:3: 375 daAuts
     D:1: 2 daAuts
